 Dungeon Crawl Stone Soup version 0.18-a0-1562-gac8da35 (webtiles) character file.

1537 angel3174 the Covert (level 8, -5/58 HPs)
             Began as a Vampire Assassin on Mar 13, 2016.
             Was a Believer of Dithmenos.
             Slain by a centaur
             ... wielding a cursed -3 shortbow
              (9 damage)
             ... on level 6 of the Dungeon.
             The game lasted 00:44:34 (7334 turns).

angel3174 the Covert (Vampire Assassin)             Turns: 7334, Time: 00:44:34

Health: -5/58      AC:  3    Str: 10    XL:     8   Next: 56%
Magic:  8/8        EV: 17    Int: 11    God:    Dithmenos [**....]
Gold:   409        SH:  0    Dex: 18    Spells: 0 memorised, 7 levels left

rFire  . . .     SeeInvis +     a - +2 dagger
rCold  + . .     Gourm    .     n - +1 leather armour {rC+}
rNeg   + . .     Faith    .     (no shield)
rPois  +         Spirit   .     (no helmet)
rElec  .         Dismiss  .     d - +0 cloak
rCorr  .         Reflect  .     (no gloves)
SustAt .         Harm     .     (no boots)
MR     .....                    (no amulet)
Stlth  +++++++...               (no ring)
                                (no ring)

@: wreathed by umbra, not resistant to hostile enchantments, extremely stealthy
A: fangs 3, talons 1, repulsion field 1, see invisible, berserk 1, deformed
body, dopey 1, poison resistance, screaming 1, unbreathing
a: Bat Form, Shadow Step, Renounce Religion


You were on level 6 of the Dungeon.
You worshipped Dithmenos.
Dithmenos was pleased with you.
You were not thirsty.

You visited 1 branch of the dungeon, and saw 6 of its levels.

You collected 409 gold pieces.

Inventory:

Hand Weapons
 a - a +2 dagger (weapon)
 b - a +1 blowgun
 q - a +0 shortbow
 w - a +0 falchion of electrocution
Missiles
 e - 46 poisoned needles
 f - 2 curare-tipped needles
 i - 3 needles of confusion
 l - 5 javelins (quivered)
 t - 49 arrows
 u - 7 tomahawks
Armour
 c - a +0 robe
 d - a +0 cloak (worn)
 n - a +1 leather armour of cold resistance (worn)
Jewellery
 j - an uncursed ring of fire
Scrolls
 h - 6 scrolls of remove curse
 m - 2 scrolls of amnesia
 r - 2 scrolls of immolation {unknown}
 x - a scroll of teleportation {unknown}
 y - a scroll of recharging
Potions
 g - 2 potions of blood
 k - a potion of degeneration
 o - a potion of haste
 p - 2 potions of curing
 s - a potion of brilliance
 v - a potion of magic
 z - a potion of resistance {unknown}
 A - a potion of cure mutation {unknown}


   Skills:
 + Level 3.0 Fighting
 + Level 4.5 Short Blades
 + Level 3.8 Throwing
 + Level 2.6 Armour
 + Level 5.2 Dodging
 + Level 11.3 Stealth


You had 7 spell levels left.
You didn't know any spells.

Dungeon Overview and Level Annotations

Branches:
Dungeon (6/15)
 Temple: D:4-7

Altars:
Ashenzari
Dithmenos
Elyvilon
Pakellas


Innate Abilities, Weirdness & Mutations

You have razor-sharp teeth.
You have supernaturally acute eyesight.
You can survive without breathing.
You have sharp toenails.
You are surrounded by a mild repulsion field (EV +2).
You tend to lose your temper in combat.
Armour fits poorly on your strangely shaped body.
You are dopey. (Int -2)
Your system is resistant to poisons.
You occasionally shout uncontrollably at your foes.


Message History

The centaur misses you. The centaur hits you with a shortbow.
You hit the centaur. You claw the centaur, but do no damage.
You bite the centaur.
The centaur is heavily wounded.
You hit the centaur but do no damage.
The centaur is heavily wounded.
The centaur hits you with a shortbow!
* * * LOW HITPOINT WARNING * * *
The centaur hits you but does no damage.
You hit the centaur. You claw the centaur, but do no damage.
The centaur is heavily wounded.
The centaur hits you with a shortbow!
* * * LOW HITPOINT WARNING * * *
You hit the centaur.
The centaur is severely wounded.
The centaur closely misses you.
You hit the centaur but do no damage.
The centaur is severely wounded.
The centaur hits you with a shortbow!
You die...

#.# ##.#######
##.(.......
#####.<...#####
.......(.##
#######.## #.#
#.# ##@##
##.c.##
##.....##
...#.......##
.......(...(#
............+
##..........#
#.#.......##
#.##.....##


You could see a centaur.

Vanquished Creatures
  Grinder (D:3)
  Sigmund (D:3)
  A water moccasin (D:5)
  2 ogres
  A centaur (D:5)
  Blork the orc (D:6)
  A giant frog (D:6)
  A scorpion (D:6)
  A howler monkey (D:5)
  A crimson imp (D:5)
  An orc priest (D:5)
  A giant frog skeleton (D:3)
  2 hounds (D:5)
  2 orc wizards
  Jessica (D:3)
  Ijyb (D:3)
  5 worker ants
  A hound zombie (D:5)
  A hound skeleton (D:4)
  A howler monkey zombie (D:5)
  12 adders
  An adder skeleton (D:5)
  A dart slug (D:3)
  5 giant geckos
  12 orcs
  6 bats
  5 giant cockroaches
  5 hobgoblins
  2 jackals (D:1)
  5 kobolds
  2 quokkas
  A ball python (D:4)
  5 giant newts
  9 goblins
  9 rats
  2 bushes (D:4)
109 creatures vanquished.

Vanquished Creatures (others)
  9 fungi (D:5)
9 creatures vanquished.

Grand Total: 118 creatures vanquished

Notes
Turn   | Place    | Note
--------------------------------------------------------------
     0 | D:1      | angel3174 the Vampire Assassin began the quest for the Orb.
     0 | D:1      | Reached XP level 1. HP: 16/16 MP: 1/1
     9 | D:1      | Reached skill level 6 in Stealth
   263 | D:1      | Reached XP level 2. HP: 22/22 MP: 2/2
   672 | D:1      | You fall through a shaft!
   839 | D:2      | Reached skill level 7 in Stealth
   839 | D:2      | Reached XP level 3. HP: 18/27 MP: 3/3
  1913 | D:2      | Found a shadowy altar of Dithmenos.
  1918 | D:2      | Became a worshipper of Dithmenos the Shadowed
  2101 | D:2      | Reached XP level 4. HP: 33/33 MP: 4/4
  2464 | D:3      | Noticed Grinder
  2473 | D:3      | Paralysed by Grinder for 5 turns
  2480 | D:3      | Killed Grinder
  2480 | D:3      | Reached skill level 1 in Armour
  2480 | D:3      | Reached skill level 8 in Stealth
  2480 | D:3      | Reached XP level 5. HP: 30/39 MP: 5/5
  2480 | D:3      | Reached XP level 6. HP: 34/45 MP: 6/6
  2583 | D:3      | Noticed Sigmund
  2613 | D:3      | Killed Sigmund
  2613 | D:3      | Reached skill level 9 in Stealth
  2817 | D:3      | Reached * piety under Dithmenos
  2862 | D:3      | Reached XP level 7. HP: 51/51 MP: 7/7
  3043 | D:3      | Noticed Ijyb
  3085 | D:3      | Killed Ijyb
  3310 | D:3      | Noticed Jessica
  3315 | D:3      | Killed Jessica
  3470 | D:4      | Found a white marble altar of Elyvilon.
  3833 | D:4      | Found an oddly glowing altar of Pakellas.
  3858 | D:4      | Reached skill level 10 in Stealth
  5561 | D:4      | Gained mutation: Your system is resistant to poisons. [potion of mutation]
  5561 | D:4      | Gained mutation: You tend to lose your temper in combat. [potion of mutation]
  5564 | D:4      | Gained mutation: Armour fits poorly on your strangely shaped body. [potion of mutation]
  5564 | D:4      | Gained mutation: You are dopey. (Int -2) [potion of mutation]
  5564 | D:4      | Gained mutation: You have sharp toenails. [potion of mutation]
  5565 | D:4      | Gained mutation: You are surrounded by a mild repulsion field (EV +2). [potion of mutation]
  5565 | D:4      | Gained mutation: You occasionally shout uncontrollably at your foes. [potion of mutation]
  5869 | D:5      | Entered Level 5 of the Dungeon
  6015 | D:5      | Reached XP level 8. HP: 41/57 MP: 8/8
  6073 | D:5      | Found a shattered altar of Ashenzari.
  6317 | D:5      | Reached ** piety under Dithmenos
  7041 | D:6      | Noticed Blork the orc
  7047 | D:6      | Killed Blork the orc
  7047 | D:6      | Reached skill level 11 in Stealth
  7148 | D:6      | Reached skill level 5 in Dodging
  7334 | D:6      | Slain by a centaur

Vault maps used:
D:1:      dpeg_arrival_arbitrary_c
D:2:      overflow_temple_1_default
D:3:      first_bread, uniq_jessica, uniq_sigmund, uniq_grinder, uniq_iyjb
D:4:      elyvilon_altar_1, kennysheep_mini_moat
D:5:      ashenzari_conservatory_becter, serial_aquarium,
          aquarium_bridge_square, aquarium_bridge_long_joined,
          aquarium_window_1, aquarium_window_1, aquarium_view_2c,
          aquarium_pool_side, lemuel_old_faithful
D:6:      fedhas_bush_and_centaur_altar, uniq_blork_the_orc

Skill      XL: |  1  2  3  4  5  6  7  8 |
---------------+-------------------------+-----
Stealth        | 6 7 8 9 10 11 | 11.3
Fighting       | 2 3 |  3.0
Short Blades   | 3 4 |  4.5
Throwing       | 2 3 |  3.8
Armour         | 1 2 |  2.6
Dodging        | 2 3 4 5 |  5.2

Action                   |  1- 3 |  4- 6 |  7- 9 || total
-------------------------+-------+-------+-------++-------
Melee: Dagger            |    93 |    42 |   681 ||   816
 Fire: Blowgun           |       |     4 |     6 ||    10
Throw: Javelin           |       |    25 |    20 ||    45
  Use: Scroll            |     5 |     1 |     6 ||    12
       Potion            |     2 |       |    15 ||    17
 Stab: Sleeping          |    14 |     6 |    14 ||    34
       Distracted        |       |       |     1 ||     1
  Eat: Corpse            |     4 |     1 |     3 ||     8
